 Dungeon Sprint DCSS version 0.30.1-11-g7821555f0a (webtiles) character file.

Game seed: 12206329998816723681

244 Heoruswealwe the Spear-Bearer (level 5, 0/53 HPs)
             Began as a Minotaur Fighter on Nov 3, 2023.
             Was an Initiate of Gozag.
             Slain by a vampire mosquito (5 damage)
             ... in the Dungeon (Sprint IX: "|||||||||||||||||||||||||||||").
             The game lasted 00:01:27 (135 turns).

Heoruswealwe the Spear-Bearer (Minotaur Fighter)     Turns: 135, Time: 00:01:27

Health: 0/53       AC:  8    Str: 23    XL:     5   Next: 83%
Magic:  4/4        EV:  9    Int:  5    God:    Gozag
Gold:   0          SH:  4    Dex:  9    Spells: 4/4 levels left

rFire   . . .        a - +0 trident
rCold   . . .        d - +0 buckler
rNeg    . . .        c - +0 scale mail
rPois   .            (helmet restricted)
rElec   .            (no cloak)
rCorr   .            (no gloves)
SInv    .            (no boots)
Will    .....        (no amulet) Stlth
                     (no ring)
HPRegen 0.28/turn    (no ring)
MPRegen 0.09/turn

%: no teleportation
@: gold aura
A: horns 2, retaliatory headbutt
a: Renounce Religion, Potion Petition, Call Merchant, Bribe Branch


You were in the Dungeon.
You worshipped Gozag.
Gozag was noncommittal.
You visited 1 branch

Inventory:

Hand Weapons
 a - a +0 trident (weapon)
Armour
 c - a +0 scale mail (worn)
 d - a +0 buckler (worn)
Jewellery
 k - a +2 ring of protection
 l - a +3 ring of strength
Wands
 h - a wand of roots (10)
Scrolls
 j - 2 scrolls of blinking
Potions
 b - a potion of might
 e - 2 potions of heal wounds
 f - 4 potions of curing
 g - a potion of haste
 i - a potion of berserk rage


   Skills:
 + Level 8.1 Fighting
 * Level 10.5 Polearms
 + Level 8.1 Armour
 - Level 3.6 Shields


You had 4 spell levels left.
You didn't know any spells.
Your spell library was empty.

Dungeon Overview and Level Annotations

Branches:
Dungeon (1/1)

Altars:
Cheibriados
Dithmenos
Elyvilon
Fedhas
Gozag
Hepliaklqana
Kikubaaqudgha
Makhleb
Nemelex Xobeh
Okawaru
Qazlal
Ru
Sif Muna
Trog
Uskayaw
Vehumet
Wu Jian
Xom
Yredelemnul
Zin
The Shining One
Jiyva
Lugonu


Innate Abilities, Weirdness & Mutations

You have a pair of horns on your head.
You reflexively headbutt those who attack you in melee.


Message History

The centaur hits you but does no damage.
The centaur kicks you but does no damage.
You puncture the centaur!
The centaur is severely wounded.
The centaur hits you but does no damage.
You block the centaur's attack.
The centaur hits you but does no damage.
The centaur kicks you but does no damage.
You barely miss the centaur.
The centaur is severely wounded.
The vampire mosquito is distracted by your dazzling golden aura.
The centaur hits you but does no damage.
You block the centaur's attack.
The vampire mosquito buzzes angrily.
You hit the centaur but do no damage. Your headbutt misses the centaur.
The centaur is severely wounded.
The centaur hits you but does no damage.
The centaur barely misses you. You block the centaur's attack.
The centaur kicks you.
* * * LOW HITPOINT WARNING * * *
You barely miss the centaur.
The centaur is severely wounded.
The centaur closely misses you. The centaur barely misses you.
You puncture the centaur!
You kill the centaur!
Your Fighting skill increases to level 8!
Your Polearms skill increases to level 10!
Your Armour skill increases to level 8!
Things that are here:
153 gold pieces; a +0 shortbow You barely miss the vampire mosquito.
The vampire mosquito is no longer distracted by gold.
The vampire mosquito bites you!
* * * LOW HITPOINT WARNING * * *
The vampire mosquito draws strength from your injuries!
The vampire mosquito bites you but does no damage.
Unknown command.
You miss the vampire mosquito. The vampire mosquito bites you.
You die...
Your body crumbles into a pile of gold.

▓+▓
$
▓{▓
$
▓T▓
$ $
▓y▓
$
▓@▓
$ $
▓$▓
▓$▓
$
▓'▓
▓.▓
$
▓.▓
▓[▓
$
▓[▓
▓[▓


You could see a troll and a vampire mosquito.

Vanquished Creatures
  A centaur (D)
  A killer bee (D)
  A howler monkey (D)
  A jelly (D)
  An iguana (D)
  3 adders (D)
  A bat (D)
  An endoplasm (D)
  2 hobgoblins (D)
  A rat (D)
13 creatures vanquished.

Notes
Turn   | Place    | Note
-------+----------+-------------------------------------------
     0 | D        | Heoruswealwe the Minotaur Fighter began the quest for the
                  | Orb.
     0 | D        | Reached XP level 1. HP: 19/19 MP: 0/0
     8 | D        | Reached skill level 3 in Polearms
    24 | D        | Noticed an iguana
    24 | D        | Noticed a jelly
    27 | D        | Killed a jelly
    28 | D        | Reached skill level 5 in Fighting
    28 | D        | Reached skill level 5 in Polearms
    28 | D        | Reached skill level 5 in Armour
    28 | D        | Reached XP level 2. HP: 13/29 MP: 1/1
    28 | D        | Reached XP level 3. HP: 16/36 MP: 2/2
    34 | D        | Reached skill level 6 in Polearms
    38 | D        | Reached skill level 7 in Polearms
    38 | D        | Reached XP level 4. HP: 28/44 MP: 3/3
    63 | D        | Found a snail-covered altar of Cheibriados.
    63 | D        | Found a shadowy altar of Dithmenos.
    63 | D        | Found a white marble altar of Elyvilon.
    63 | D        | Found a blossoming altar of Fedhas.
    63 | D        | Found an opulent altar of Gozag.
    64 | D        | Found a hazy altar of Hepliaklqana.
    65 | D        | Found a viscous altar of Jiyva.
    66 | D        | Found an ancient bone altar of Kikubaaqudgha.
    67 | D        | Found a corrupted altar of Lugonu.
    68 | D        | Found a burning altar of Makhleb.
    69 | D        | Found a sparkling altar of Nemelex Xobeh.
    70 | D        | Found an iron altar of Okawaru.
    71 | D        | Became a worshipper of Gozag Ym Sagoz the Greedy
    72 | D        | Found a stormy altar of Qazlal.
    73 | D        | Found a sacrificial altar of Ru.
    74 | D        | Found a shimmering blue altar of Sif Muna.
    75 | D        | Found a bloodstained altar of Trog.
    76 | D        | Found a hide-covered altar of Uskayaw.
    77 | D        | Found a radiant altar of Vehumet.
    78 | D        | Found an ornate altar of the Wu Jian Council.
    79 | D        | Found a shimmering altar of Xom.
    80 | D        | Found a basalt altar of Yredelemnul.
    81 | D        | Found a glowing silver altar of Zin.
    82 | D        | Found a glowing golden altar of the Shining One.
   106 | D        | Noticed a shadow
   106 | D        | Noticed a troll
   106 | D        | Noticed a vampire mosquito
   106 | D        | Noticed a centaur
   120 | D        | Reached skill level 8 in Polearms
   125 | D        | Reached skill level 9 in Polearms
   125 | D        | Reached XP level 5. HP: 16/52 MP: 4/4
   132 | D        | Killed a centaur
   133 | D        | Reached skill level 10 in Polearms
   135 | D        | Slain by a vampire mosquito

Illustrated notes

Levels and vault maps discovered:
D:        linesprint [early_d, line_temple, items_1, d_10, items_2, lair_1,
          lair_end, items_3, orc_1, orc_end, items_4, d_15, swamp_1, shoals_1,
          snake_1, spider_1, d_20, vaults_1, items_5, swamp_end, shoals_end,
          snake_end, spider_end, vaults_end, d_27, items_6, zot_1, zot_end,
          crypt_end, forest_end, elf_end, slime_end, tomb_end, abyss_end,
          pan_hell_end]

Skill      XL: |  1  2  3  4  5 |
---------------+----------------+-----
Polearms       | 5 7 9 10 | 10.5
Fighting       | 5 7 8 |  8.1
Armour         | 5 7 8 |  8.1
Shields        | |  3.6

Action                     |  1- 3 |  4- 6 || total
---------------------------+-------+-------++-------
  Melee: Trident           |    25 |    43 ||    68
         Headbutt          |     5 |     3 ||     8
    Use: Potion            |     1 |     1 ||     2
   Stab: Distracted        |       |     1 ||     1
 Armour: Scale mail        |     8 |    17 ||    25
  Dodge: Dodged            |    13 |    20 ||    33
  Block: Buckler           |     3 |     6 ||     9
